 Dungeon Crawl Stone Soup version 0.31.0-32-g396128a36d (webtiles) character file.

Game seed: 4993943353844609187

98 Alphaeus the Ruffian (level 4, -3/41 HPs)
             Began as a Troll Shapeshifter on Mar 18, 2024.
             Was a Follower of Elyvilon.
             Slain by a lemure (5 damage)
             ... led by Pikel
             ... on level 4 of the Dungeon.
             The game lasted 00:02:46 (1945 turns).

Alphaeus the Ruffian (Troll Shapeshifter)           Turns: 1945, Time: 00:02:47

Health: -3/41      AC:  4    Str: 24    XL:     4   Next: 44%
Magic:  3/3        EV:  9    Int:  6    God:    Elyvilon [*.....]
Gold:   163        SH:  0    Dex:  9    Spells: 3/3 levels left

rFire   . .          .
                       - Unarmed
rCold   . . .        (no shield)
rNeg    . . .        a - +0 animal skin
rPois   .            (helmet currently unavailable)
rElec   .            (cloak currently unavailable)
rCorr   .            (gloves unavailable)
SInv    .            (boots unavailable)
Will    .....        h - amulet of the acrobat
Stlth   +            (no ring)
HPRegen 1.06/turn    (no ring)
MPRegen 0.08/turn

%: acrobat
@: beast-form
A: beast (slay +2), large, unfitting armour, claws 3, regeneration 1, shaggy fur
1, tough skin 1
a: Begin Untransformation, Renounce Religion, Purification


You were on level 4 of the Dungeon.
You worshipped Elyvilon.
Elyvilon was aware of your devotion.
You were a hulking beast.
You visited 1 branch of the dungeon, and saw 4 of its levels.

You collected 163 gold pieces.

Inventory:

Armour
 a - a +0 animal skin (worn)
Jewellery
 h - an amulet of the acrobat (around neck)
Talismans
 c - a beast talisman
 d - a flux talisman
Wands
 i - a wand of paralysis (5)
 n - a wand of flame (15)
Scrolls
 e - 2 scrolls of poison {unknown}
 g - a scroll of brand weapon {unknown}
 j - 3 scrolls of teleportation {unknown}
 k - a scroll of fear {unknown}
 l - a scroll of identify {unknown}
Potions
 b - a potion of lignification
 f - a potion of ambrosia {unknown}
 m - 2 potions of degeneration {unknown}


   Skills:
 + Level 1.6 Fighting
 - Level 1.5 Dodging
 * Level 4.1 Unarmed Combat
 * Level 3.8 Shapeshifting


You had 3 spell levels left.
You didn't know any spells.
Your spell library contained the following spells:

 Spells                   Type           Power      Damage    Failure   Level
 Sting                    Conj/Alch      0%         1d3       45%         1
 Gell's Gravitas          Tloc           0%         N/A       83%         3
 Teleport Other           Tloc           0%         N/A       83%         3
 Dispersal                Tloc           0%         N/A       100%        6


Dungeon Overview and Level Annotations

Branches:
Dungeon (4/15)
 Temple: D:4-7

Altars:
Elyvilon

Shops:
D:2 *

Annotations:
D:4 Blork the orc, Pikel


Innate Abilities, Weirdness & Mutations

You are a hulking beast.
Your limbs bulge with bestial killing power. (Slay +2)
You are too large for most types of armour.
You have claws for hands.
Your natural rate of healing is unusually fast.
You are covered in fur. (AC +1)
You have tough skin. (AC +1)


Message History

You kill the lemure!
That felt strangely unrewarding.
The lemure closely misses you. The lemure hits you.
Pikel cracks his whip.
Pikel misses you.
You closely miss Pikel. The lemure hits you but does no damage.
The lemure barely misses you.
Pikel hits you with a +0 whip of freezing.
Pikel freezes you.
Blork the orc mumbles some strange words.
Blork the orc seems to speed up.
You are too injured to fight recklessly!
You are too injured to fight recklessly!
You are too injured to fight recklessly!
You are too injured to fight recklessly!
You scratch the endoplasm but do no damage.
The endoplasm closely misses you. The lemure hits you.
Pikel hits you with a +0 whip of freezing.
* * * LOW HITPOINT WARNING * * *
Pikel freezes you.
* * * LOW HITPOINT WARNING * * *
Blork the orc looks encouraged for a moment.
You scratch Pikel but do no damage. The endoplasm hits you.
* * * LOW HITPOINT WARNING * * *
The lemure closely misses you. The lemure hits you!
Elyvilon protects you from harm! Pikel barely misses you.
You barely miss Pikel.
Blork the orc zaps a wand.
You resist with some effort.
The endoplasm hits you but does no damage.
The lemure hits you.
* * * LOW HITPOINT WARNING * * *
The lemure closely misses you.
Pikel hits you with a +0 whip of freezing.
* * * LOW HITPOINT WARNING * * *
Pikel freezes you.
* * * LOW HITPOINT WARNING * * *
You closely miss Pikel. Blork the orc closely misses you.
The endoplasm hits you but does no damage.
The lemure hits you.
You die...

## #.## ...###
######......
#...........
######.†.........
......K..........
...##5hJ<.......
#o5.##...[..
...5g### .....
..#.. .... ...
#.# ... .. #? ..
. .. . ...


You could see Pikel, Blork the orc (fast), 3 lemures, an endoplasm and a goblin.

Vanquished Creatures
  A lemure (D:4)
  4 adders
  2 dart slugs (D:1)
  3 ribbon worms (D:2)
  An orc (D:3)
  4 bats
  6 endoplasms
  3 giant cockroaches
  2 hobgoblins (D:2)
  3 jackals (D:2)
  4 quokkas
  6 ball pythons
  2 frilled lizards
  4 goblins
  4 kobolds
  4 rats
53 creatures vanquished.

Notes
Turn   | Place    | Note
-------+----------+-------------------------------------------
     0 | D:1      | Alphaeus the Troll Shapeshifter began the quest for the
                  | Orb.
     0 | D:1      | Reached XP level 1. HP: 18/18 MP: 0/0
   114 | D:1      | Reached skill level 1 in Fighting
   138 | D:1      | Reached XP level 2. HP: 27/27 MP: 1/1
   608 | D:2      | Found Lehepam's General Store.
   713 | D:2      | Reached XP level 3. HP: 33/33 MP: 2/2
  1221 | D:3      | Reached XP level 4. HP: 41/41 MP: 3/3
  1489 | D:3      | Reached skill level 4 in Unarmed Combat
  1668 | D:3      | Found a faded altar of an unknown god.
  1679 | D:3      | Got Plato's Book of the Gift
  1680 | D:3      | Prayed at the altar of an unknown god.
  1680 | D:3      | Became a worshipper of Elyvilon the Healer
  1680 | D:3      | Reached * piety under Elyvilon
  1932 | D:4      | Noticed a lemure
  1932 | D:4      | Noticed a lemure
  1933 | D:4      | Noticed Pikel
  1935 | D:4      | Noticed a lemure
  1935 | D:4      | Noticed Blork the orc
  1939 | D:4      | Noticed a lemure
  1940 | D:4      | Killed a lemure
  1943 | D:4      | Elyvilon protects you from harm!
  1944 | D:4      | HP: 2/41 [Pikel/+0 whip of freezing (4)]
  1945 | D:4      | Slain by a lemure

Illustrated notes

Levels and vault maps discovered:
D:1:      psy_arrival_fountain, layout_basic, st_stairs_9
D:2:      layout_rooms, serial_shops, shop
D:3:      layout_loops_corners, shapermc_ecumenical_altar_rom_forum
D:4:      layout_rooms, gup_sewer_entry_spiral,
          serial_library_hellmonk_secret_room, uniq_blork_the_orc, uniq_pikel

Skill      XL: |  1  2  3  4 |
---------------+-------------+-----
Fighting       | 1 |  1.6
Unarmed Combat | 4 |  4.1
Dodging        | |  1.5
Shapeshifting  | |  3.8

Action                     |  1- 3 |  4- 6 || total
---------------------------+-------+-------++-------
  Melee: Unarmed           |    94 |    32 ||   126
         Punch             |     1 |       ||     1
   Stab: Sleeping          |     1 |       ||     1
 Armour: Animal skin       |    48 |    22 ||    70
  Dodge: Dodged            |    51 |    21 ||    72
